 Dungeon Crawl Stone Soup version 0.31-a0-867-g9b2fd80f0c (webtiles) character file.

Game seed: 1916975803847607874

13512 OSaftLP the Spear-Bearer (level 11, -3/101 HPs)
             Began as a Minotaur Berserker on Oct 11, 2023.
             Was an Elder of Trog.
             Slain by a +4 trident of Imminent Death {spect, rPois rC+} (14 damage)
             ... created by a spriggan rider
             ... on level 12 of the Dungeon.
             The game lasted 00:34:30 (10974 turns).

OSaftLP the Spear-Bearer (Minotaur Berserker)      Turns: 10974, Time: 00:34:30

Health: -3/101     AC: 23    Str: 26    XL:     11   Next: 76%
Magic:  10/10      EV: 14    Int:  4    God:    Trog [****..]
Gold:   691        SH:  0    Dex: 10    Spells: 10/10 levels left

rFire   . . .        d - +5 scythe (freeze)
rCold   . . .        (shield currently unavailable)
rNeg    . . .        v - +1 plate armour
rPois   .            (helmet restricted)
rElec   .            j - +0 cloak
rCorr   .            g - +0 pair of gloves
SInv    .            i - +1 pair of boots
Will    +++..        (no amulet) Stlth
                     E - ring of willpower
HPRegen 1.36/turn    F - +5 ring of evasion
MPRegen 0.12/turn

%: no passive effects
@: about to teleport, strong-willed, on berserk cooldown, regenerating, slowed,
studying 2 skills, very slow
A: horns 2, retaliatory headbutt, fangs 1, shaggy fur 1
a: Renounce Religion, Berserk, Trog's Hand, Brothers in Arms


You were on level 12 of the Dungeon.
You worshipped Trog.
Trog was greatly pleased with you.
You visited 1 branch of the dungeon, and saw 12 of its levels.
You also visited: Ossuary.

You collected 691 gold pieces.

Inventory:

Hand Weapons
 a - a +0 hand axe
 d - a +5 scythe of freezing (weapon)
Missiles
 m - 2 throwing nets
Armour
 b - a +0 animal skin
 e - an orb of light
 f - a +0 leather armour
 g - a +0 pair of gloves (worn)
 i - a +1 pair of boots (worn)
 j - a +0 cloak (worn)
 l - a +0 ring mail
 n - a +0 chain mail
 v - a +1 plate armour (worn)
Jewellery
 E - a ring of willpower (left hand)
 F - a +5 ring of evasion (right hand)
 H - a ring of fire
 L - a ring of ice
Talismans
 c - a blade talisman
Wands
 s - a wand of polymorph (7)
 y - a wand of digging (9)
 D - a wand of paralysis (7)
 K - a wand of flame (14)
Scrolls
 k - 4 scrolls of fog
 r - 2 scrolls of teleportation
 w - 2 scrolls of revelation
 I - a scroll of fear
 J - a scroll of vulnerability
Potions
 h - a potion of attraction
 o - 4 potions of resistance
 p - 6 potions of mutation
 q - 2 potions of might
 t - a potion of magic
 u - a potion of haste
 x - 3 potions of enlightenment
 z - a potion of curing
 A - a potion of cancellation
 B - a potion of lignification
 C - a potion of ambrosia
 G - 2 potions of berserk rage


   Skills:
 + Level 10.9 Fighting
 + Level 6.2(11.3) Axes
 + Level 14.6(15.1) Polearms
 + Level 13.2 Armour
 + Level 4.8 Dodging
 + Level 1.2 Stealth


You had 10 spell levels left.
You didn't know any spells.
Your spell library was empty.

Dungeon Overview and Level Annotations

Branches:
Dungeon (12/15)            Temple (0/1) D:4            Lair (0/5) D:9
    Orc (0/2) D:12        Ossuary (visited)

Altars:
Cheibriados
Dithmenos
Elyvilon
Fedhas
Gozag
Hepliaklqana
Kikubaaqudgha
Nemelex Xobeh
Qazlal
Ru
Trog
Uskayaw
Xom
Yredelemnul

Shops:
D:8 [   D:9 (

Annotations:
D:12 BinkBink's ghost, journeyman MiBe


Innate Abilities, Weirdness & Mutations

You have a pair of horns on your head.
You reflexively headbutt those who attack you in melee.
You have very sharp teeth.
You are covered in fur. (AC +1)


Message History

You are exhausted.
You feel yourself slow down. BinkBink's ghost hits you!
* * * LOW HITPOINT WARNING * * *
You feel better.
The +4 trident of Imminent Death {spect, rPois rC+} hits you but does no damage.
The +4 trident of Imminent Death {spect, rPois rC+} barely misses you.
The +4 trident of Imminent Death {spect, rPois rC+} misses you.
The spriggan rider hits you but does no damage.
The +4 trident of Imminent Death {spect, rPois rC+} hits you but does no damage.
The +4 trident of Imminent Death {spect, rPois rC+} closely misses you.
BinkBink's ghost barely misses you.
The spriggan rider hits you but does no damage.
The +4 trident of Imminent Death {spect, rPois rC+} hits you.
* * * LOW HITPOINT WARNING * * *
The +4 trident of Imminent Death {spect, rPois rC+} hits you!
* * * LOW HITPOINT WARNING * * *
As you read the scroll of teleportation, it crumbles to dust.
You feel strangely unstable.
The +4 trident of Imminent Death {spect, rPois rC+} hits you but does no damage.
The +4 trident of Imminent Death {spect, rPois rC+} hits you.
* * * LOW HITPOINT WARNING * * *
The +4 trident of Imminent Death {spect, rPois rC+} hits you!
* * * LOW HITPOINT WARNING * * *
BinkBink's ghost closely misses you.
The spriggan rider hits you but does no damage.
The +4 trident of Imminent Death {spect, rPois rC+} hits you.
* * * LOW HITPOINT WARNING * * *
The +4 trident of Imminent Death {spect, rPois rC+} hits you but does no damage.
BinkBink's ghost hits you but does no damage.
You feel better.
The +4 trident of Imminent Death {spect, rPois rC+} closely misses you.
You furiously retaliate!
You headbutt the +4 trident of Imminent Death {spect, rPois rC+}!
The spriggan rider shares its spectral weapon's damage!
The +4 trident of Imminent Death {spect, rPois rC+} hits you!
* * * LOW HITPOINT WARNING * * *
The +4 trident of Imminent Death {spect, rPois rC+} hits you but does no damage.
The spriggan rider hits you but does no damage.
The +4 trident of Imminent Death {spect, rPois rC+} hits you!
You die...

...# #######
########### .#.#
#.....# #..........
...# #<....#♣♣
#..........
...#####.....#(♣♣♣♣♣
#........(.
...##........##..♣.♣
#..........
...'..##.....8#...♣ ♣
#).........
...#####......#...♣.♣
#.>........
...#####......')♣!..♣
#..........
..............#♣@♣
+..........
...#..###....8#W(♣
#..........
'####.#⌠#....##♣i..♣
#.......... .#
#.###.#.##..♣♣♣♣
#####'##### ##
#.^...#.# ♣♣♣ #.....#
# ####....## #.#####
####...###
###.######### ####
#.# ..# #.....).....#
...### #.# #.###
#######.....#


You could see a spriggan rider, a +4 trident of Imminent Death {spect, rPois
rC+} and BinkBink's ghost.

Vanquished Creatures
  Fannar (D:12)
  A boulder beetle (D:12)
  A manticore (D:12)
  A cyclops (D:11)
  An elephant (D:9)
  4 molten gargoyles (D:9)
  Maggie (D:6)
  A gargoyle (D:12)
  3 trolls
  A polar bear (D:12)
  Grinder (D:5)
  Prince Ribbit (D:6)
  3 slime creatures (D:12)
  Sigmund (D:2)
  A shadow (D:9)
  2 spriggans (D:12)
  2 vampires (D:9)
  A wyvern (D:9)
  3 wraiths
  Eustachio (D:6)
  9 yaks
  2 basilisks (D:9)
  Menkaure (D:6)
  3 steam dragons (D:8)
  A water moccasin (D:6)
  4 acid dragons
  Duvessa (D:5)
  An orc warrior (D:6)
  2 black bears (D:6)
  The ghost of BinkBink the Trooper, an amateur MiFi (D:3)
  2 sky beasts
  A boggart (D:12)
  2 ice beasts
  2 ogres
  6 centaurs
  Blork the orc (D:5)
  2 bullfrogs (D:7)
  2 kobold brigands
  A gnoll sergeant (D:7)
  3 scorpions
  Dowan (D:5)
  3 killer bees (D:9)
  An oklob sapling (D:4)
  4 hounds
  5 orc priests
  Crazy Yiuf (D:5)
  3 gnoll boudas
  3 jellies
  2 iguanas (D:6)
  4 orc wizards
  3 mummies
  18 gnolls
  3 adders
  A shadow imp (D:7)
  A white imp (D:7)
  An ufetubus (D:7)
  2 worms
  4 dart slugs
  48 orcs
  12 ball pythons
  6 endoplasms
  A giant cockroach (D:4)
  5 hobgoblins
  3 jackals (D:1)
  3 quokkas
  2 bats
  4 frilled lizards
  A gnoll zombie (Ossuary)
  5 goblins
  2 goblin zombies (Ossuary)
  A hobgoblin zombie (Ossuary)
  17 kobolds
  2 kobold zombies (Ossuary)
  2 orc zombies (Ossuary)
  5 rats
257 creatures vanquished.

Vanquished Creatures (collateral kills)
  A kobold brigand (D:9)
  A kobold (D:9)
2 creatures vanquished.

Grand Total: 259 creatures vanquished

Notes
Turn   | Place    | Note
-------+----------+-------------------------------------------
     0 | D:1      | OSaftLP the Minotaur Berserker began the quest for the Orb.
     0 | D:1      | Reached XP level 1. HP: 19/19 MP: 0/0
   117 | D:1      | Reached XP level 2. HP: 10/27 MP: 1/1
   412 | D:1      | Reached ** piety under Trog
   413 | D:1      | Reached XP level 3. HP: 15/34 MP: 2/2
   617 | D:2      | Noticed Sigmund
   635 | D:2      | Killed Sigmund
   636 | D:2      | Reached skill level 5 in Fighting
   636 | D:2      | Reached skill level 5 in Axes
   636 | D:2      | Reached XP level 4. HP: 14/42 MP: 3/3
   636 | D:2      | Reached XP level 5. HP: 16/48 MP: 4/4
  1539 | D:3      | Found a faded altar of an unknown god.
  1559 | D:3      | Reached skill level 1 in Polearms
  1698 | D:3      | Found a runed translucent door.
  1714 | D:3      | Noticed BinkBink's ghost (amateur MiFi)
  1722 | D:3      | Killed BinkBink's ghost
  1723 | D:3      | Reached skill level 2 in Polearms
  1723 | D:3      | Reached XP level 6. HP: 53/56 MP: 5/5
  2180 | D:4      | Found an ancient bone altar of Kikubaaqudgha.
  2345 | D:4      | Reached skill level 3 in Polearms
  2387 | D:4      | Reached XP level 7. HP: 32/61 MP: 6/6
  2455 | D:4      | Gained mutation: You have very sharp teeth. [potion of
                  | mutation]
  2455 | D:4      | Gained mutation: You are covered in fur. (AC +1) [potion of
                  | mutation]
  2517 | D:4      | Found a staircase to the Ecumenical Temple.
  2518 | D:4      | Found a sand-covered staircase.
  2529 | Ossuary  | Entered an ossuary
  2741 | Ossuary  | Reached *** piety under Trog
  3221 | D:5      | Entered Level 5 of the Dungeon
  3229 | D:5      | Reached skill level 4 in Polearms
  3235 | D:5      | Noticed Grinder
  3235 | D:5      | Paralysed by Grinder for 5 turns
  3247 | D:5      | Killed Grinder
  3248 | D:5      | Reached skill level 5 in Polearms
  3369 | D:5      | Noticed Blork the orc
  3375 | D:5      | Killed Blork the orc
  3378 | D:5      | Reached skill level 6 in Polearms
  3378 | D:5      | Reached XP level 8. HP: 63/70 MP: 7/7
  3401 | D:5      | Found a hide-covered altar of Uskayaw.
  3468 | D:5      | Found a sacrificial altar of Ru.
  3521 | D:5      | Found a runed translucent door.
  3522 | D:5      | Noticed Crazy Yiuf
  3526 | D:5      | Killed Crazy Yiuf
  4115 | D:5      | Noticed Duvessa
  4115 | D:5      | Noticed Dowan
  4131 | D:5      | Killed Dowan
  4132 | D:5      | Reached skill level 5 in Armour
  4132 | D:5      | Killed Duvessa
  4133 | D:5      | Reached skill level 7 in Polearms
  4514 | D:6      | Noticed Prince Ribbit
  4521 | D:6      | Killed Prince Ribbit
  4522 | D:6      | Reached skill level 8 in Polearms
  4711 | D:6      | Found a sparkling altar of Nemelex Xobeh.
  4745 | D:6      | Noticed Maggie
  4761 | D:6      | Killed Maggie
  4762 | D:6      | Reached skill level 9 in Polearms
  4762 | D:6      | Reached XP level 9. HP: 57/79 MP: 8/8
  5153 | D:6      | Noticed Menkaure
  5170 | D:6      | Killed Menkaure
  5171 | D:6      | Noticed Eustachio
  5174 | D:6      | Killed Eustachio
  5423 | D:6      | Reached skill level 10 in Polearms
  5813 | D:7      | Reached **** piety under Trog
  5900 | D:7      | Found a shimmering altar of Xom.
  6568 | D:8      | Found a snail-covered altar of Cheibriados.
  6706 | D:8      | Reached XP level 10. HP: 87/90 MP: 9/9
  6717 | D:8      | Found a blossoming altar of Fedhas.
  6834 | D:8      | Found a shadowy altar of Dithmenos.
  6834 | D:8      | Found a hazy altar of Hepliaklqana.
  6834 | D:8      | Found a basalt altar of Yredelemnul.
  6834 | D:8      | Found a bloodstained altar of Trog.
  6842 | D:8      | Found an opulent altar of Gozag.
  6847 | D:8      | Found a white marble altar of Elyvilon.
  6896 | D:8      | Found Guwnado's Armour Emporium.
  7026 | D:9      | Reached skill level 11 in Polearms
  7301 | D:9      | Noticed an elephant
  7323 | D:9      | Killed an elephant
  7696 | D:9      | Found a staircase to the Lair.
  7805 | D:9      | Noticed a molten gargoyle
  7818 | D:9      | Killed a molten gargoyle
  7819 | D:9      | Reached skill level 12 in Polearms
  7888 | D:9      | Noticed a molten gargoyle
  7888 | D:9      | Noticed a molten gargoyle
  7900 | D:9      | Killed a molten gargoyle
  7901 | D:9      | Reached skill level 10 in Armour
  7901 | D:9      | Killed a molten gargoyle
  8067 | D:9      | Noticed a molten gargoyle
  8086 | D:9      | Killed a molten gargoyle
  8418 | D:9      | Found Davicaka's Antique Weapon Shoppe.
  8529 | D:9      | Found a stormy altar of Qazlal.
  8872 | D:10     | Entered Level 10 of the Dungeon
  8885 | D:10     | Reached XP level 11. HP: 78/99 MP: 10/10
  9097 | D:10     | Reached skill level 13 in Polearms
  9383 | D:10     | Identified a scroll of acquirement
  9383 | D:10     | Acquired a manual of Armour
  9769 | D:11     | Reached skill level 10 in Fighting
  9769 | D:11     | Reached skill level 1 in Stealth
 10346 | D:11     | Found a snail-covered altar of Cheibriados.
 10573 | D:12     | Reached skill level 14 in Polearms
 10617 | D:12     | Found a staircase to the Orcish Mines.
 10765 | D:12     | Noticed a boulder beetle
 10766 | D:12     | Noticed Fannar
 10782 | D:12     | Killed Fannar
 10787 | D:12     | Killed a boulder beetle
 10930 | D:12     | Found a runed translucent door.
 10930 | D:12     | Identified the +4 trident of Imminent Death {spect, rPois
                  | rC+}
 10930 | D:12     | Noticed a spriggan rider
 10945 | D:12     | Noticed BinkBink's ghost (journeyman MiBe)
 10974 | D:12     | Slain by a +4 trident of Imminent Death {spect, rPois rC+}

Illustrated notes

Levels and vault maps discovered:
D:1:      lightli_arrival_boilingwater, layout_rooms, st_stairs_13,
          minmay_tetromino_t2
D:2:      cheibrodos_old_hovel, layout_loops_ring, roderic_roman_lattice,
          fountainhead, nicolae_twisty_statue_hallways, uniq_sigmund
D:3:      layout_loops_ring, ebering_ghost_reflecting_pool,
          nicolae_ecumenical_snake_handling
D:4:      layout_loops_ring, kiku_gazebo_pond_becter, minmay_temple_entry_oklob,
          lightli_ossuary_entry_decrepit_ruins
D:5:      layout_basic, mainiacjoe_overflow_alcove_1,
          nicolae_uskayaw_murder_on_the_dancefloor, uniq_blork_the_orc,
          uniq_grinder, uniq_duvessa, uniq_crazy_yiuf_cottage
D:6:      layout_gridville, lemuel_tele_altar, uniq_maggie, uniq_eustachio,
          uniq_menkaure, uniq_prince_ribbit1
D:7:      nicolae_cairo_tiling_large, layout_rooms,
          nicolae_overflow_crystal_walls, minivault_25
D:8:      layout_rooms, general_overflow_altar, lemuel_round_altar,
          minmay_overflow_temple_hex, serial_shops, nicolae_take_the_stairs,
          minmay_manual_mares
D:9:      layout_irregular_city, marbit_many_paths, david_lair_generic,
          serial_shops, shop, minivault_8
D:10:     layout_irregular_city, roderic_st_hans_cross
D:11:     layout_big_octagon, chei_slow_surprise
D:12:     layout_roguey, hiddenorc2_lemuel, serial_glass, glass_columns_a,
          glass_columns_b, feat_on_display, ebering_ghost_funeral_grove,
          uniq_fannar

Skill      XL: |  1  2  3  4  5  6  7  8  9 10 11 |
---------------+----------------------------------+-----
Axes           | 4 5 6 |  6.2
Fighting       | 4 5 7 8 9 10 | 10.9
Dodging        | 3 4 |  4.8
Polearms       | 2 3 6 9 10 12 14 | 14.6
Armour         | 3 4 6 8 11 13 | 13.2
Stealth        | 1 |  1.2

Action                     |  1- 3 |  4- 6 |  7- 9 | 10-12 || total
---------------------------+-------+-------+-------+-------++-------
  Melee: Hand axe          |    53 |     2 |       |       ||    55
         Headbutt          |     7 |    16 |    26 |    52 ||   101
         Halberd           |       |    80 |   180 |   250 ||   510
         Bite              |       |       |    14 |    17 ||    31
 Invoke: Trog's Hand       |     1 |       |     2 |     4 ||     7
         Berserk           |       |     1 |     4 |    11 ||    16
         Brothers in Arms  |       |       |       |     1 ||     1
    Use: Potion            |     3 |       |     2 |     8 ||    13
         Scroll            |     3 |     7 |     7 |     7 ||    24
   Stab: Sleeping          |     1 |       |       |       ||     1
 Armour: Animal skin       |    39 |    13 |       |       ||    52
         Leather armour    |       |    20 |       |       ||    20
         Ring mail         |       |     5 |       |       ||     5
         Chain mail        |       |    39 |    14 |       ||    53
         Plate armour      |       |       |   205 |   363 ||   568
  Dodge: Dodged            |    45 |    68 |    84 |   150 ||   347

Table legend: (Time is in decaauts)
 A = Elapsed time spent in this place.
 B = Non-inter-level travel time spent in this place.
 C = Inter-level travel time spent in this place.
 D = Time resting spent in this place.
 E = Time spent auto-exploring this place.
 F = Levels seen in this place.
 G = Mean time per level.
                   A        B        C        D        E       F      G
               +--------+--------+--------+--------+--------+-----+--------+
         Total |  11141 |  10812 |    329 |      0 |   8106 |  13 |  857.0 |
       Dungeon |  10852 |  10523 |    329 |      0 |   8106 |  12 |  904.3 |
       Ossuary |    289 |    289 |      0 |      0 |      0 |   1 |  289.0 |
               +--------+--------+--------+--------+--------+-----+--------+

Top non-repeatable levels by time:
     D:9: 1961 daAuts
     D:6: 1369 daAuts
     D:5: 1139 daAuts
     D:4: 882 daAuts
     D:2: 841 daAuts
    D:11: 789 daAuts
    D:10: 727 daAuts
     D:8: 676 daAuts
     D:3: 668 daAuts
     D:7: 615 daAuts
    D:12: 593 daAuts
     D:1: 587 daAuts
 Ossuary: 289 daAuts
